 Dungeon Crawl Stone Soup version 0.30-a0-389-g8d7d949f56 (webtiles) character file.

Game seed: 461388337570032340

353 NinjaNoafa the Cutter (level 6, -5/44 (47) HPs)
             Began as a Merfolk Gladiator on Dec 3, 2022.
             Slain by a wight
             ... wielding a +0 spear
              (9 damage)
             ... on level 4 of the Dungeon on Dec 4, 2022.
             The game lasted 00:07:29 (3449 turns).

NinjaNoafa the Cutter (Merfolk Gladiator)           Turns: 3449, Time: 00:07:29

HP:   -5/44 (47)    AC:  5    Str: 14    XL:     6   Next: 62%
MP:   6/6           EV: 17    Int:  7    God:
Gold: 213           SH:  5    Dex: 18    Spells: 5/5 levels left

rFire   . . .      SeeInvis .    C - +2 long sword (holy)
rCold   . . .      Faith    +    u - +0 buckler
rNeg    . . .      Spirit   .    b - +0 leather armour
rPois   .          Reflect  .    c - +0 helmet
rElec   .          Harm     .    (no cloak)
rCorr   +          Rampage  .    x - +0 pair of gloves
Will    .....                    (boots currently unavailable)
Stlth   ++........               o - amulet of faith
HPRegen 0.27/turn                y - ring of resist corrosion
MPRegen 0.10/turn                (no ring)

@: drained, very quick
A: nimble swimmer 2, mertail
a: no special abilities


You were on level 4 of the Dungeon.
You visited 1 branch of the dungeon, and saw 4 of its levels.

You collected 213 gold pieces.

Inventory:

Hand Weapons
 C - a +2 long sword of holy wrath (weapon)
Missiles
 a - a javelin
 d - 2 throwing nets (quivered)
 f - 55 stones
 i - 2 poisoned darts
 w - 3 boomerangs
Armour
 b - a +0 leather armour (worn)
 c - a +0 helmet (worn)
 u - a +0 buckler (worn)
 x - a +0 pair of gloves (worn)
Jewellery
 o - an amulet of faith (around neck)
 y - a ring of resist corrosion (left hand)
Wands
 e - a wand of roots (2)
Scrolls
 l - 6 scrolls of identify {unknown}
 n - a scroll of fog {unknown}
 p - 5 scrolls of amnesia {unknown}
 q - a scroll of noise {unknown}
 v - a scroll of blinking {unknown}
 z - a scroll of immolation {unknown}
 B - a scroll of magic mapping {unknown}
Potions
 g - 2 potions of brilliance {unknown}
 h - a potion of haste
 j - 2 potions of berserk rage {unknown}
 k - 6 potions of curing
 m - a potion of mutation {unknown}
 r - 3 potions of flight {unknown}
 s - 2 potions of ambrosia {unknown}
 t - a potion of lignification {unknown}
 A - a potion of resistance {unknown}


   Skills:
 - Level 3.3 Fighting
 - Level 6.0(6.4) Short Blades
 + Level 3.6(5.3) Long Blades
 - Level 2.0 Throwing
 - Level 5.0 Dodging
 - Level 1.9 Shields


You had 5 spell levels left.
You didn't know any spells.
Your spell library was empty.

Dungeon Overview and Level Annotations

Branches:
Dungeon (4/15)
 Temple: D:4-7

Altars:
Ashenzari
Elyvilon
Fedhas
Qazlal
Vehumet


Innate Abilities, Weirdness & Mutations

You are very nimble when in or above water. (Stealth+, EV+, Speed+++)
Your lower body shifts to a powerful aquatic tail in water.


Message History

The wight hits you with a +0 hand axe.
You feel drained.
Your legs become a tail as you enter the water.
Your legs become a tail as you enter the water.
The wight completely misses you.
You hit the wight.
The wight convulses.
The wight is heavily damaged.
The wight barely misses you. x2
You barely miss the wight.
The wight is heavily damaged.
The wight barely misses you. You block the wight's attack.
You closely miss the wight.
The wight is heavily damaged.
You block the wight's attack. The wight completely misses you.
You block the wight's attack.
You hit the wight.
The wight convulses.
You destroy the wight!
The wight hits you but does no damage. The wight completely misses you.
Your life force feels restored.
Your base Long Blades skill increases to level 3!
You hit the wight.
The wight convulses.
The wight is heavily damaged.
The wight hits you with a +5 mace.
You feel drained.
The wight hits you from afar with a +0 spear!
You hit the wight.
The wight convulses.
The wight is severely damaged.
The wight misses you. The wight completely misses you.
You closely miss the wight.
The wight is severely damaged.
The wight hits you with a +5 mace!
The wight hits you from afar with a +0 spear.
You feel drained.
You barely miss the wight. The wight barely misses you.
You hit the wight but do no damage.
You tail-slap the wight, but do no damage.
The wight hits you with a +4 dire flail of freezing!
* * * LOW HITPOINT WARNING * * *
The wight freezes you.
* * * LOW HITPOINT WARNING * * *
The wight hits you from afar with a +0 spear!
You die...

.## ##..<....#
..####..####.##
.......## #.# ...#####
#.# ...# #.# ## .†.#
#.# ##≈# ...# ##.#
##≈≈≈ .# ...#
#..###≈≈# #.# ..##
#....#@≈##..# .####
#...#.z≈≈.#.#
#...###......##~≈≈z~.#
.....##.....##..≈~...#
#....####.......≈~...#
#..## #.###...~~...#
..P# #. #..~~~...# P##
#. #...~~.......#
##.~~≈~......#


You could see 2 wights.

Vanquished Creatures
  Blork the orc (D:4)
  A wight (D:4)
  A killer bee (D:4)
  2 howler monkeys (D:4)
  Natasha (D:4)
  An adder (D:2)
  A dart slug (D:1)
  A worm (D:2)
  7 orcs
  5 endoplasms
  2 giant cockroaches
  7 goblins
  4 hobgoblins
  4 jackals (D:4)
  5 kobolds
  3 quokkas
  10 ball pythons
  7 bats
  A frilled lizard (D:1)
  A rat (D:2)
65 creatures vanquished.

Vanquished Creatures (others)
  5 demonic plants (D:4)
5 creatures vanquished.

Grand Total: 70 creatures vanquished

Notes
Turn   | Place    | Note
-------+----------+-------------------------------------------
     0 | D:1      | NinjaNoafa the Merfolk Gladiator began the quest for the
                  | Orb.
     0 | D:1      | Reached XP level 1. HP: 16/16 MP: 1/1
   141 | D:1      | Reached skill level 4 in Short Blades
   141 | D:1      | Reached XP level 2. HP: 16/23 MP: 2/2
   551 | D:1      | Reached XP level 3. HP: 28/28 MP: 3/3
   709 | D:2      | Reached skill level 5 in Short Blades
  1142 | D:2      | Found a stormy altar of Qazlal.
  1547 | D:2      | Reached XP level 4. HP: 34/34 MP: 4/4
  1984 | D:3      | Found a broken altar of Ashenzari.
  2093 | D:3      | Found a blossoming altar of Fedhas.
  2093 | D:3      | Found a radiant altar of Vehumet.
  2093 | D:3      | Found a white marble altar of Elyvilon.
  2572 | D:4      | Reached skill level 6 in Short Blades
  2572 | D:4      | Reached XP level 5. HP: 38/39 MP: 5/5
  2601 | D:4      | Reached skill level 1 in Shields
  2695 | D:4      | Noticed Natasha
  2704 | D:4      | Killed Natasha
  2734 | D:4      | Noticed Blork the orc
  2749 | D:4      | HP: 2/40 [Blork the orc/magic dart (4)]
  2943 | D:4      | Killed Blork the orc
  2944 | D:4      | Reached skill level 5 in Dodging
  2985 | D:4      | Reached skill level 1 in Long Blades
  2985 | D:4      | Reached XP level 6. HP: 30/47 MP: 6/6
  3449 | D:4      | Slain by a wight

Illustrated notes

Levels and vault maps discovered:
D:1:      mrwooster_arrival_arrow, layout_basic
D:2:      layout_loops_corners, basic_altar, kennysheep_generic_room_7
D:3:      layout_basic, nicolae_ashenzari_panopticon,
          gammafunk_temple_overflow_claw, due_unseen_surprise
D:4:      cheibrodos_barr_body, layout_rooms,
          nicolae_wu_jian_immortal_techniques, dreamdust_princess_corridor,
          minmay_misc_feat_doors, chequers_serial_rivers_small_3,
          minmay_joined_circles, uniq_blork_the_orc, uniq_crazy_yiuf_cottage,
          uniq_ijyb, uniq_natasha

Skill      XL: |  1  2  3  4  5  6 |
---------------+-------------------+-----
Short Blades   | 4 5 6 |  6.0
Shields        | 1 |  1.9
Fighting       | 3 |  3.3
Dodging        | 5 |  5.0
Long Blades    | 1 3 |  3.6
Throwing       | |  2.0

Action                   |  1- 3 |  4- 6 || total
-------------------------+-------+-------++-------
Melee: Rapier            |   132 |    68 ||   200
       Punch             |     3 |       ||     3
       Long sword        |       |    47 ||    47
       Tailslap          |       |     1 ||     1
Throw: Javelin           |       |     1 ||     1
       Throwing net      |       |     1 ||     1
  Use: Potion            |       |     2 ||     2
 Stab: Sleeping          |     1 |       ||     1
       Held in net/web   |       |     1 ||     1
Armor: Leather armour    |    36 |    25 ||    61
Dodge: Dodged            |    83 |    86 ||   169
Block: Buckler           |       |    21 ||    21

Table legend: (Time is in decaauts)
 A = Elapsed time spent in this place.
 B = Non-inter-level travel time spent in this place.
 C = Inter-level travel time spent in this place.
 D = Time resting spent in this place.
 E = Time spent auto-exploring this place.
 F = Levels seen in this place.
 G = Mean time per level.
                   A        B        C        D        E       F      G
               +--------+--------+--------+--------+--------+-----+--------+
         Total |   3428 |   3246 |    182 |    363 |   2176 |   4 |  857.0 |
       Dungeon |   3428 |   3246 |    182 |    363 |   2176 |   4 |  857.0 |
               +--------+--------+--------+--------+--------+-----+--------+

Top non-repeatable levels by time:
     D:3: 1221 daAuts
     D:2: 1115 daAuts
     D:1: 673 daAuts
     D:4: 417 daAuts
